[Event "Late-Titled-Tuesday-Blitz-June-25-2024"]
[Site "Chess.com"]
[Date "2024.06.25"]
[Round "6"]
[White "Charodej1"]
[Black "Shahdad2007"]
[Result "1-0"]
[WhiteElo "2496"]
[BlackElo "2572"]
[TimeControl "180+1"]
[EndTime "15:05:29 PDT"]
[Termination "Charodej1 won by checkmate"]

1. e4 e5 2. Nf3 Nc6 3. Bb5 Nf6 4.
d3 Bc5 5. O-O d6 6. c3 O-O 7.
Nbd2 Ne7 8. Re1 Ng6 9. d4 Bb6 10. h3 a6 11. Ba4 Ba7 12. Bc2 b5 13. a4 Bb7 14. Nf1 Re8 15. Ng3 c5 16. dxc5 dxc5 17. Bg5 Qb6 18. Nf5 Rad8 19. Qe2 h6 20. Bxf6 Qxf6 21. axb5 Nf4 22. Qf1 Qb6 23. bxa6 Ba8 24. b3 Re6 25. Red1 Rde8 26. Nd2 Rg6 27. Ng3 h5 28. Nc4 Qe6 29. Rd6 Qxd6 30. Nxd6 Rxd6 31.
Rd1 Red8 32. Rxd6 Rxd6 33. Qb5 Bc6 34. Qa5 Rd7 35. Nf5 g6 36. Ne3 c4 37. bxc4 f6 38.
c5 Kg7 39. Kh2 h4 40. Nc4 f5 41. Nxe5 fxe4 42. Nxc6 e3 43. fxe3 Nd5 44. Nxa7 Rxa7 45. c6 Nxe3 46. Qc5 Re7 47. Qd4+ Kh6 48. Qxh4+ Kg7 49. Qxe7+ Kh6 50. Qxe3+ Kh5 51. g4+ Kh4 52. Qe7+ g5 53. Qh7# 1-0

[Event "Late-Titled-Tuesday-Blitz-June-25-2024"]
[Site "Chess.com"]
[Date "2024.06.25"]
[Round "6"]
[White "Zurability"]
[Black "Bugcrusher"]
[Result "1-0"]
[WhiteElo "2772"]
[BlackElo "2481"]
[TimeControl "180+1"]
[EndTime "15:05:31 PDT"]
[Termination "Zurability won by resignation"]

1. e4 e6 2. d3 d5 3. Nd2 Nf6 4. Ngf3 Nc6 5. g3 dxe4 6. dxe4 e5 7. Bg2 Bc5 8. O-O O-O 9. c3 a5 10. Qe2 b6 11. Rd1 Ba6 12. c4 Qe7 13. Nf1 Rad8 14. Bg5 h6 15. Bxf6 Qxf6 16. Ne3 Bxe3 17. Qxe3 Bxc4 18.
b3 Ba6 19. Rd5 Nd4 20. Rd1 Nxf3+ 21. Bxf3 Bb7 22. Rd7 Rxd7 23. Rxd7 Rc8 24. Kg2 Bc6 25. Rd2 Rd8 26. Rc2 Rd4 27. Qc3 Bxe4 28. Bxe4 Rxe4 29. Qxc7 Rd4 30. Rc6 Qf5 31. Qc8+ Qxc8 32. Rxc8+ Kh7 33. Rc6 Rd2 34. Rxb6 Rxa2 35. h4 h5 36. b4 a4 37. Ra6 e4 38. Kg1 f6 39.
b5 Kg6 40. b6 Kf5 41. Ra5+ Kg6 42. Rb5 a3 43. b7 Ra1+ 44. Kg2 a2 45. b8=Q Rg1+ 46.
Kxg1 a1=Q+ 47. Kg2 Qd1 48. Qe8+ Kh6 49. Qxe4 1-0

[Event "Late-Titled-Tuesday-Blitz-June-25-2024"]
[Site "Chess.com"]
[Date "2024.06.25"]
[Round "6"]
[White "Leebit02"]
[Black "alexrustemov"]
[Result "0-1"]
[WhiteElo "2585"]
[BlackElo "2825"]
[TimeControl "180+1"]
[EndTime "15:05:31 PDT"]
[Termination "alexrustemov won by resignation"]

1. e4 e6 2. d4 d5 3. e5 c5 4.
c3 Qb6 5. Nf3 Bd7 6. Be2 cxd4 7.
cxd4 Bb5 8. O-O Bxe2 9. Qxe2 Qa6 10. Qe3 Ne7 11. Nc3 Nbc6 12. a3 Nf5 13. Qf4 Qd3 14. Rd1 Qc2 15. Bd2 a6 16. b4 Nfe7 17. b5 Na5 18. Rac1 Qf5 19. Qg3 Nc4 20. Rb1 a5 21. b6 Nc6 22. Nb5 Rc8 23. Nc7+ Kd7 24. Rdc1 Be7 25. Bc3 Nxa3 26. Ra1 Nc4 27. Ne1 g5 28.
Rab1 h5 29. f3 g4 30. Qf2 Rcg8 31. f4 h4 32. g3 h3 33. Nc2 Qd3 34. Ne1 Qe4 35.
Rc2 a4 36. Rbc1 a3 37. Ba1 Bb4 38. Re2 Qf5 39. Rxc4 dxc4 40. d5 exd5 41. Nxd5 Qb1 42. Nf6+ Kc8 43. Nxg8 Rxg8 44. f5 Qxa1 45. e6 fxe6 46.
f6 Qd4 47. f7 Rf8 48. Re3 Bc5 0-1

[Event "Late-Titled-Tuesday-Blitz-June-25-2024"]
[Site "Chess.com"]
[Date "2024.06.25"]
[Round "6"]
[White "Mops_2004"]
[Black "Grischuk"]
[Result "1/2-1/2"]
[WhiteElo "2800"]
[BlackElo "3114"]
[TimeControl "180+1"]
[EndTime "15:05:32 PDT"]
[Termination "Game drawn by repetition"]

1. e4 e5 2. Nf3 Nc6 3. Bc4 Bc5 4. d3 Nf6 5. Nc3 h6 6. h3 d6 7. Na4 Bb6 8. a3 O-O 9. O-O Re8 10. Re1 Be6 11.
Bxe6 Rxe6 12. b4 Nd4 13. Nxd4 Bxd4 14. c3 Bb6 15. Ra2 Qd7 16. Qb3 Nh5 17. Qd1 Nf6 18. Nxb6 axb6 19. a4 d5 20. Qc2 c5 21. b5 Rd8 22. Be3 dxe4 23. dxe4 Qd3 24. f3 Qc4 25. Ra3 Nh5 26. Qb3 Qxb3 27. Rxb3 Nf4 28. Ra1 Rd3 29.
Kf2 Rg6 30. Bxf4 exf4 31. Ra2 Rgd6 32. Ke2 Re3+ 33. Kf2 Rdd3 34. Rc2 g5 35. Ra3 Kg7 36. a5 bxa5 37. Rxa5 Rxc3 38. Rxc3 Rxc3 39. Ra7 Rc2+ 40. Kf1 b6 41. Rb7 Rb2 42. Rxb6 c4 43. Rc6 Rxb5 44. Rxc4 Rb1+ 45. Kf2 Rb2+ 46. Kf1 Rb1+ 47. Kf2 Rb2+ 48.
Kf1 Rb1+ 1/2-1/2

[Event "Late-Titled-Tuesday-Blitz-June-25-2024"]
[Site "Chess.com"]
[Date "2024.06.25"]
[Round "6"]
[White "albi1999"]
[Black "Viktoker"]
[Result "0-1"]
[WhiteElo "2631"]
[BlackElo "2505"]
[TimeControl "180+1"]
[EndTime "15:05:32 PDT"]
[Termination "Viktoker won by resignation"]

1. d4 f5 2. e4 fxe4 3. Nc3 Nf6 4. Bg5 g6 5. f3 d5 6. fxe4 Nxe4 7. Nxe4 dxe4 8. Bc4 Nc6 9. Ne2 Na5 10. Bb3 Nxb3 11. axb3 Bg7 12. Qd2 Bg4 13. O-O Bxe2 14. Qxe2 Qxd4+ 15. Kh1 c6 16. Ra4 Qd5 17. Bh4 Rf8 18. Rd1 Qf5 19.
Rxe4 e5 20. Re1 Rf7 21. Re3 Qh5 22. Qc4 Kf8 23. Bg3 Re8 24. h3 Kg8 25. Rf1 Rf8 26.
Rxf7 Rxf7 27. Rf3 g5 28. Rf5 Qg6 29. Rxf7 Qxf7 30. Qc5 Qe8 31. Qxa7 e4 32. Qe3 h6 33. c3 Qe6 34. b4 Qf5 35. Kg1 Qd5 36. Bf2 Qd1+ 37.
Kh2 Be5+ 38. Bg3 Bxg3+ 39. Kxg3 Qd5 40. Qd4 Kf7 41. Qxd5+ cxd5 42. Kf2 Ke6 43. Ke3 Ke5 44. g4 b5 45. b3 d4+ 46. Kd2 dxc3+ 47. Kxc3 Kf4 48.
Kd2 Kf3 0-1

[Event "Late-Titled-Tuesday-Blitz-June-25-2024"]
[Site "Chess.com"]
[Date "2024.06.25"]
[Round "6"]
[White "jk13"]
[Black "GM_dmitrij"]
[Result "0-1"]
[WhiteElo "2701"]
[BlackElo "2976"]
[TimeControl "180+1"]
[EndTime "15:05:34 PDT"]
[Termination "GM_dmitrij won on time"]

1. e4 c6 2. Nc3 d5 3. Nf3 dxe4 4. Nxe4 Nf6 5. Qe2 Na6 6. d3 Bg4 7. h3 Bh5 8. g3 Nb4 9. Bg2 e6 10.
O-O Be7 11. a3 Nbd5 12. c4 Nb6 13. b3 O-O 14. Bb2 Nbd7 15. Rfe1 a5 16. Qc2 Qc7 17. Nxf6+ Bxf6 18. Bxf6 Nxf6 19. Ne5 Rfd8 20. Qc3 Qd6 21. b4 Nd7 22. c5 Qc7 23. Nc4 axb4 24. axb4 Nf6 25.
Rxa8 Rxa8 26. Nd6 Ne8 27. Nc4 Rd8 28. Ra1 h6 29. Ra7 Be2 30. Bf1 Bxf1 31. Kxf1 Qb8 32. Ra3 Nf6 33. Qe5 Qxe5 34. Nxe5 Nd5 35. Ra7 f6 36.
Nc4 Nxb4 37. Rxb7 Nxd3 38. Rc7 Rd4 39. Ne3 e5 40. Nf5 Rc4 41. Rxg7+ Kf8 42. Rd7 e4 43. Ne3 Rc1+ 44. Ke2 Rxc5 45. Rh7 Ra5 0-1

[Event "Late-Titled-Tuesday-Blitz-June-25-2024"]
[Site "Chess.com"]
[Date "2024.06.25"]
[Round "6"]
[White "rdarruda"]
[Black "ACollins05"]
[Result "1-0"]
[WhiteElo "2556"]
[BlackElo "2411"]
[TimeControl "180+1"]
[EndTime "15:05:34 PDT"]
[Termination "rdarruda won on time"]

1. d4 b5 2. e4 a6 3. c4 Bb7 4. d5 bxc4 5. Bxc4 e6 6. Nf3 Nf6 7. Nc3 Bb4 8. O-O O-O 9. Re1 Re8 10. Bg5 h6 11. Bh4 Be7 12. Bg3 Bb4 13. Qb3 Bxc3 14.
bxc3 Bc8 15. Rad1 exd5 16. exd5 Rxe1+ 17. Rxe1 d6 18. Nd4 Bd7 19. Nc6 Nxc6 20. dxc6 Bxc6 21. Bxf7+ Kh8 22. Bh4 Qf8 23. h3 Rb8 24. Qc4 Bb5 25.
Qe6 Ng8 26. Bg6 Nf6 27. Bxf6 Qxf6 28. Qxf6 gxf6 29. Re7 c5 30. Re6 Kg7 31. Be4 Bc4 32.
Rxd6 Rb2 33. a4 Ra2 34. Bc6 Bb3 35. Bd7 a5 36. Ra6 Bxa4 37. Rxa5 Bb3 38. Rxa2 Bxa2 39. f4 Kf7 40. Kf2 Ke7 41. Bf5 Bd5 42. g4 Kf7 43. Kg3 Kg7 44. h4 Kf7 45. Kf2 Ke7 46. Ke3 Kd6 47. Kd2 Ke7 48. Kc2 Kd6 49. Kb2 Bf7 50. Ka3 Be8 51. Kb3 Bf7+ 52. Ka4 Be8+ 53. Ka5 Kd5 54.
Bd3 Bd7 55. g5 1-0

[Event "Late-Titled-Tuesday-Blitz-June-25-2024"]
[Site "Chess.com"]
[Date "2024.06.25"]
[Round "6"]
[White "HeroWilczek"]
[Black "s-dshubin"]
[Result "0-1"]
[WhiteElo "2451"]
[BlackElo "2330"]
[TimeControl "180+1"]
[EndTime "15:05:35 PDT"]
[Termination "s-dshubin won by resignation"]

1. Nf3 d5 2. e3 Nf6 3. b3 e6 4. Bb2 Be7 5. Be2 O-O 6. O-O b6 7. c4 Bb7 8. cxd5 exd5 9. Nc3 c5 10. d4 Nc6 11. Rc1 Ne4 12. dxc5 Nxc3 13. Bxc3 Bxc5 14.
Qd2 Qe7 15. Rfd1 Rfd8 16. h3 Ba3 17. Bb2 Bd6 18. Rxc6 Bxc6 19. Qc3 d4 20. Qxc6 dxe3 21. Qc3 exf2+ 22. Kf1 f6 23. Nd4 Rac8 24. Bc4+ Kh8 25. Nf5 Qc7 26. Nxd6 Rxd6 27. Rxd6 Qxd6 28. Qd4 Qh2 29.
Kxf2 Re8 30. Qxf6 Qc7 31. Qd4 Rf8+ 32. Kg1 Qg3 33. Bf1 h6 34. a4 h5 35. Bc4 h4 36.
Bc3 Kh7 37. Qd3+ Qxd3 38. Bxd3+ Kh6 39. Bd2+ g5 40. Be4 Rd8 41. Be3 Re8 42. Bxb6 axb6 43. Bd5 Re3 44. Kf2 Rd3 45. Bc4 Rd2+ 46. Kf3 Kg6 47. Bb5 Kf6 48. Bc4 Ke5 49. b4 Rd4 0-1

[Event "Late-Titled-Tuesday-Blitz-June-25-2024"]
[Site "Chess.com"]
[Date "2024.06.25"]
[Round "6"]
[White "artin10862"]
[Black "GlavkonVVS"]
[Result "1-0"]
[WhiteElo "2902"]
[BlackElo "2645"]
[TimeControl "180+1"]
[EndTime "15:05:36 PDT"]
[Termination "artin10862 won by resignation"]

1. e4 Nf6 2. e5 Nd5 3. d4 d6 4. c4 Nb6 5. exd6 cxd6 6. Nf3 Bg4 7.
Be2 g6 8. h3 Bxf3 9. Bxf3 Nc6 10.
Be2 Bg7 11. Be3 O-O 12. Nc3 d5 13. c5 Nc8 14. f4 e6 15. O-O N8e7 16. g4 b6 17. Bf2 bxc5 18. dxc5 Rb8 19. Qd2 Qa5 20. Rab1 Rfd8 21. Bf3 Qc7 22. Ne2 d4 23. b4 d3 24.
Ng3 Nd4 25. Bg2 Nc2 26. Rb3 Nd5 27. Bxd5 Rxd5 28. a3 a5 29. Rxd3 Nxa3 30. Rxd5 exd5 31. bxa5 Nc4 32. Qxd5 Qxf4 33. Ne2 Qd2 34. Qxc4 Rb2 35. Re1 Qxa5 36. c6 Be5 37. Qe4 Qc7 38. Kf1 Rb8 39. Rd1 Re8 40. Rd7 Qa5 41. Qd5 Qa1+ 42. Kg2 Rf8 43.
c7 Qa4 44. Rxf7 Rxf7 45. c8=Q+ Kg7 46. Qxe5+ 1-0

[Event "Late-Titled-Tuesday-Blitz-June-25-2024"]
[Site "Chess.com"]
[Date "2024.06.25"]
[Round "6"]
[White "Gangster-accountant01"]
[Black "Rodalquilar"]
[Result "0-1"]
[WhiteElo "2579"]
[BlackElo "2836"]
[TimeControl "180+1"]
[EndTime "15:05:37 PDT"]
[Termination "Rodalquilar won by resignation"]

1. c4 e6 2. Nf3 d5 3. cxd5 exd5 4. d4 Nf6 5. g3 Bf5 6. Bg2 c6 7. O-O Nbd7 8. Nc3 Be7 9. Bf4 O-O 10. Ne5 h6 11. Nxd7 Nxd7 12. f3 Qb6 13. e4 Be6 14. Qd2 Rfd8 15. Be3 dxe4 16. fxe4 Ne5 17. d5 Bc5 18.
Bxc5 Qxc5+ 19. Kh1 Bg4 20. Qf4 Qe7 21. h3 Bh5 22. g4 Bg6 23. Rad1 Rd6 24. dxc6 bxc6 25. Rxd6 Qxd6 26. Rd1 Qe7 27. b3 Re8 28. Qf2 a5 29. Qd4 Qh4 30. Kg1 h5 31. gxh5 Bxh5 32. Rf1 Qg3 33. Qc5 Nf3+ 34. Rxf3 Bxf3 35. Qf2 Qxf2+ 36. Kxf2 Bxg2 37. Kxg2 Rd8 38. Kf2 Rd3 39. Ne2 Rd2 40.
Ke3 Rxa2 41. h4 Rb2 42. Nc1 Rh2 43. Nd3 Rxh4 44. Kd4 g5 45. Ne5 g4 46. Ke3 Rh3+ 47. Kf4 Rxb3 48. Nxc6 a4 49. Nd4 Rb2 50. Nf5 a3 51.
Nh6+ Kf8 52. Nxg4 a2 53. Nf6 a1=Q 54. Nd7+ Ke7 55. Ne5 Rf2+ 56. Ke3 Qxe5 57. Kxf2 Qxe4 58. Kg3 Qf5 0-1

[Event "Late-Titled-Tuesday-Blitz-June-25-2024"]
[Site "Chess.com"]
[Date "2024.06.25"]
[Round "6"]
[White "Patricius007"]
[Black "HamedWafa4"]
[Result "1-0"]
[WhiteElo "2588"]
[BlackElo "2757"]
[TimeControl "180+1"]
[EndTime "15:05:38 PDT"]
[Termination "Patricius007 won by resignation"]

1. e4 e5 2. Nf3 Nc6 3. Bc4 Bc5 4. d3 Nf6 5. c3 d6 6. h3 a6 7. a4 Ba7 8. Nbd2 h6 9. Nf1 Be6 10.
Bxe6 fxe6 11. Qb3 Qc8 12. Be3 Bxe3 13. Nxe3 O-O 14. O-O Nh5 15. d4 Rxf3 16. gxf3 exd4 17. Ng2 Kh8 18. f4 e5 19. f5 Nf6 20. Rae1 b6 21.
f4 Qd7 22. Qe6 Qxe6 23. fxe6 exf4 24. Nxf4 dxc3 25. bxc3 Ne7 26. c4 Kg8 27. Nd5 Nexd5 28. cxd5 Rc8 29. Kg2 c5 30. Rb1 Rb8 31. Kf3 b5 32.
Rfd1 b4 33. e5 dxe5 34. d6 Kf8 35. Rbc1 Rc8 36. Rc4 b3 37. Rb1 Rb8 38. Rxc5 e4+ 39. Ke2 Ne8 40. d7 Nd6 41. Rxb3 Rd8 42. Rb6 Ke7 43.
Rcc6 Nf5 44. Rc8 Nd4+ 45. Ke3 Nf5+ 46. Kxe4 Ng3+ 47. Kd5 Nf5 48. Rxd8 Kxd8 49. Rb8+ 1-0

[Event "Late-Titled-Tuesday-Blitz-June-25-2024"]
[Site "Chess.com"]
[Date "2024.06.25"]
[Round "6"]
[White "Duhless"]
[Black "Dyadya81"]
[Result "0-1"]
[WhiteElo "3086"]
[BlackElo "2795"]
[TimeControl "180+1"]
[EndTime "15:05:39 PDT"]
[Termination "Dyadya81 won on time"]

1. d4 d5 2. c4 Nc6 3. Bg5 h6 4. Bh4 dxc4 5. d5 Ne5 6. Nc3 Nf6 7. Nf3 Ng6 8. Bg3 e6 9. e4 exd5 10. e5 Ne4 11. Qxd5 Nxc3 12. Qxd8+ Kxd8 13. bxc3 Be6 14. O-O-O+ Kc8 15. Nd4 Ba3+ 16. Kc2 Bd5 17. f3 c6 18. Nf5 b5 19. Nxg7 a5 20. Nf5 h5 21. h4 Re8 22. Ne3 Be6 23. f4 Ne7 24. Be2 Nf5 25.
Nf1 Rg8 26. Bf2 Rxg2 27. Rh2 Rxf2 28. Rxf2 b4 29. Bxh5 b3+ 30. Kb1 Rb8 31. axb3 Rxb3+ 32. Ka1 Rxc3 33. Bg4 Bc5 34. Ra2 Rd3 35. Rxd3 cxd3 36. Rxa5 Bb4 37. Ra4 c5 38. h5 Nh6 39. Bd1 Kc7 40. Kb2 Kb6 41. Ne3 Kb5 42. Ra8 c4 43. Rb8+ Kc5 44. Bf3 c3+ 45. Kc1 Ba3+ 46. Kd1 Kd4 0-1

[Event "Late-Titled-Tuesday-Blitz-June-25-2024"]
[Site "Chess.com"]
[Date "2024.06.25"]
[Round "6"]
[White "Arysya"]
[Black "Niktlt"]
[Result "1-0"]
[WhiteElo "2846"]
[BlackElo "2578"]
[TimeControl "180+1"]
[EndTime "15:05:41 PDT"]
[Termination "Arysya won by resignation"]

1. e4 c5 2. Nf3 d6 3. Nc3 Nf6 4. e5 dxe5 5. Nxe5 e6 6. g3 Bd6 7. Nc4 Bc7 8. Bg2 O-O 9. O-O Bd7 10. d3 Bc6 11. Be3 Bxg2 12. Kxg2 b6 13. Bg5 h6 14. Bxf6 Qxf6 15. Ne4 Qe7 16. Qf3 Nd7 17. Rfe1 Nf6 18.
Nxf6+ Qxf6 19. Qxf6 gxf6 20. a4 a6 21. f4 b5 22.
axb5 axb5 23. Ne3 Rfd8 24. f5 Kg7 25. Rxa8 Rxa8 26. fxe6 fxe6 27. Ng4 Ra6 28. Re2 h5 29. Nf2 Be5 30. b3 Ra1 31. Ne4 c4 32. dxc4 bxc4 33. bxc4 Bd4 34. c3 Be5 35. Kf3 Rc1 36. Re3 Rc2 37. h3 Kf7 38. g4 hxg4+ 39. hxg4 Ke7 40. c5 Kd7 41. Rd3+ Kc6 42. Re3 Rh2 43. Rd3 f5 44. gxf5 exf5 45. Nf2 Rh8 46. Re3 Re8 47. Nd3 Kd5 48. c4+ Kxc4 49. Nxe5+ Kxc5 50. Nd3+ Kd4 51. Rxe8 Kxd3 52. Kf4 Kd4 53. Kxf5 Kd3 54. Re4 Kd2 55. Ke5 Kd3 56. Kd5 Kd2 57. Kd4 1-0

[Event "Late-Titled-Tuesday-Blitz-June-25-2024"]
[Site "Chess.com"]
[Date "2024.06.25"]
[Round "6"]
[White "jup1978"]
[Black "crazy_but_lazy"]
[Result "1-0"]
[WhiteElo "2505"]
[BlackElo "2621"]
[TimeControl "180+1"]
[EndTime "15:05:41 PDT"]
[Termination "jup1978 won by checkmate"]

1. d4 Nf6 2. Nf3 c5 3. d5 b5 4. a4 b4 5. c4 bxc3 6. Nxc3 d6 7. e4 g6 8. Bb5+ Bd7 9. O-O Bg7 10. e5 dxe5 11. Nxe5 O-O 12. Nxd7 Nbxd7 13. d6 e6 14. Bg5 a6 15. Bc6 Rb8 16. Ne4 Qb6 17. Bxd7 Nxd7 18. Be7 Rfc8 19. Rb1 Qb4 20. Re1 c4 21. h3 a5 22. Qf3 Qxa4 23. Ng5 Rf8 24. Bxf8 Rxf8 25. Qb7 Rb8 26. Qc7 Qb5 27. Ne4 h6 28. Rec1 Ne5 29. d7 Nxd7 30. Nd6 Qb6 31. Qxd7 Rd8 32. Qxf7+ Kh7 33. Ne8 Rxe8 34. Qxe8 h5 35. Rxc4 Kh6 36. Qc6 Qb3 37. Rc3 Qb4 38. Rcc1 a4 39. Qc2 Bd4 40. Rd1 e5 41. Qd2+ Qxd2 42. Rxd2 Kg5 43. Rxd4 exd4 44. Rd1 Kf5 45. Rxd4 Kg5 46. Rxa4 Kf5 47. Rc4 Kg5 48. b4 Kf5 49. b5 g5 50.
b6 g4 51. b7 Kg5 52. b8=Q Kh4 53. Qg3+ Kg5 54. h4+ Kf5 55. Qf4+ Ke6 56. Re4+ Kd5 57. Qf5+ Kd6 58. Re6+ Kd7 59. Qf7+ Kd8 60. Re8# 1-0

[Event "Late-Titled-Tuesday-Blitz-June-25-2024"]
[Site "Chess.com"]
[Date "2024.06.25"]
[Round "6"]
[White "HansOnTwitch"]
[Black "MyDream003"]
[Result "1-0"]
[WhiteElo "3110"]
[BlackElo "2780"]
[TimeControl "180+1"]
[EndTime "15:05:42 PDT"]
[Termination "HansOnTwitch won on time"]

1. e4 e5 2. Nf3 Nc6 3. Bc4 Bc5 4. d3 Nf6 5. O-O d6 6. c3 a6 7. Re1 Ba7 8. Nbd2 h6 9. Nf1 O-O 10. h3 Re8 11. Ng3 Be6 12. Bxe6 Rxe6 13. b4 d5 14. Qb3 Qd7 15. a4 dxe4 16. dxe4 b5 17. axb5 axb5 18. Be3 Ree8 19. Red1 Qc8 20. Bxa7 Rxa7 21.
Rxa7 Nxa7 22. Qa2 Qb7 23. Nh4 Nc8 24. Nhf5 Nd6 25. f3 Nc4 26. Qf2 Qb6 27. Qxb6 Nxb6 28.
Nf1 Ra8 29. Ne7+ Kf8 30. Nc6 Nfd7 31. Na5 f6 32. Ne3 Kf7 33. Nd5 Rc8 34. Nc6 Ke6 35. h4 Nxd5 36. Rxd5 Ra8 37. Rxb5 Ra1+ 38. Kh2 Nb6 39.
Na5 Rc1 40. c4 Kd7 41. Rc5 Na4 42. Rd5+ Kc8 43. Rd2 Nc3 44. Nc6 Kb7 45. Nd8+ Ka7 46. Ne6 Nd1 47. c5 Ne3 48. Rd7 Nf1+ 49. Kh3 Ne3 50. Rxc7+ Ka6 51. Rxg7 h5 52. Nc7+ Kb7 53. Nd5+ 1-0

[Event "Late-Titled-Tuesday-Blitz-June-25-2024"]
[Site "Chess.com"]
[Date "2024.06.25"]
[Round "6"]
[White "Eloist"]
[Black "Connectedcloud"]
[Result "0-1"]
[WhiteElo "2454"]
[BlackElo "2334"]
[TimeControl "180+1"]
[EndTime "15:05:42 PDT"]
[Termination "Connectedcloud won on time"]

1. e4 e5 2. Bc4 Bc5 3. Nf3 Nc6 4. c3 Nf6 5. d3 d6 6. O-O O-O 7. Nbd2 a6 8. b4 Ba7 9. a4 Ne7 10. Re1 Ng6 11. Bb3 c6 12. Nf1 h6 13. Ng3 Be6 14. Bxe6 fxe6 15. d4 Qe7 16. h3 exd4 17. cxd4 d5 18. e5 Nh7 19. Ne2 Rxf3 20. gxf3 Nh4 21. Ng3 Rf8 22. f4 Qxb4 23. Ba3 Qc3 24. Re3 Qxd4 25. Bxf8 Nxf8 26. Qxd4 Bxd4 27. Rb1 Bxe3 28. fxe3 b5 29. axb5 axb5 30. Rc1 Nf3+ 31. Kf2 Nd2 32. Rxc6 Nc4 33. Rc7 g6 34. Rb7 Na3 35. h4 h5 36. Ne2 Nh7 37. Nd4 Nf8 38. Nxb5 Nc4 39. Nd4 Nd2 40. Re7 Ne4+ 41. Kf3 Nc5 42. Rc7 Ne4 43.
Nc6 Nd2+ 44. Ke2 Ne4 45. Ne7+ Kh8 46. Nc8 Kg8 47. Nd6 Ng3+ 48. Kf3 Nf5 49. Nxf5 gxf5 50. Ke2 Kh8 51. Kd3 Kg8 52. Kd4 Ng6 53. Kc5 Nxh4 54. Kd6 Ng2 55. Kxe6 Nxe3 56. Rd7 h4 57. Kf6 h3 58.
Kg6 Kf8 59. Rh7 Ng2 0-1

[Event "Late-Titled-Tuesday-Blitz-June-25-2024"]
[Site "Chess.com"]
[Date "2024.06.25"]
[Round "6"]
[White "MuhittinBuker"]
[Black "dosto07"]
[Result "1-0"]
[WhiteElo "2256"]
[BlackElo "2435"]
[TimeControl "180+1"]
[EndTime "15:05:42 PDT"]
[Termination "MuhittinBuker won by checkmate"]

1. d4 d5 2. c4 dxc4 3. e3 Nf6 4. Bxc4 e6 5. Nf3 a6 6. O-O b5 7. Bd3 Bb7 8. Nc3 c5 9. dxc5 Bxc5 10. Be2 Nbd7 11. Qc2 Rc8 12. Rd1 b4 13. Na4 Bxe3 14.
Qb3 Bxc1 15. Raxc1 Rxc1 16. Rxc1 O-O 17. Qxb4 Bxf3 18.
Bxf3 Ne5 19. Be2 Nd3 20. Bxd3 Qxd3 21. h3 h6 22. Nc5 Qd5 23. Nxa6 Qxa2 24. Nc5 Nd5 25. Qa3 Ra8 26. Qxa2 Rxa2 27. Rb1 Ra5 28. b4 Rb5 29. Nd3 f6 30. Kf1 e5 31. f3 Kf7 32.
Ke1 Ke6 33. Kd2 f5 34. Re1 Nc7 35. Kc3 Kd6 36. Kc4 Rd5 37. Nc5 Rd4+ 38. Kb3 Nd5 39. Na6 e4 40. fxe4 fxe4 41. b5 e3 42. Rc1 Rd2 43.
Rc6+ Kd7 44. Nc5+ Ke7 45. Re6+ Kf7 46. Re5 Nc7 47. b6 Nd5 48. b7 Rd1 49. Kc2 Rd4 50.
b8=Q Nb4+ 51. Kc3 Nc6 52. Qc7+ Kf6 53. Re6+ Kf5 54. Qxc6 Rf4 55. Qd5# 1-0

[Event "Late-Titled-Tuesday-Blitz-June-25-2024"]
[Site "Chess.com"]
[Date "2024.06.25"]
[Round "6"]
[White "chess_sharparchitect"]
[Black "GMsKoRPioN"]
[Result "1-0"]
[WhiteElo "2346"]
[BlackElo "2594"]
[TimeControl "180+1"]
[EndTime "15:05:42 PDT"]
[Termination "chess_sharparchitect won by checkmate"]

1. c4 d6 2. Nc3 g6 3. d4 Bg7 4. e4 Nf6 5. h3 O-O 6. Be3 e5 7.
d5 a5 8. Nge2 Na6 9. g4 Nc5 10.
Ng3 Nfd7 11. Bg2 b6 12. h4 Nb8 13. h5 c6 14. Qd2 Bxg4 15. f3 Bc8 16. hxg6 fxg6 17.
O-O-O cxd5 18. Qxd5+ Be6 19. Qxa8 Bxc4 20. Nd5 Bxa2 21.
Bh3 h5 22. Bxc5 bxc5 23. Be6+ Kh7 24. Nxh5 gxh5 25. Rxh5+ Bh6+ 26. Kc2 Rxf3 27. Qb7+ Nd7 28. Bxd7 Bb3+ 29. Kb1 Rf7 30. Bf5+ Kg7 31. Rg1+ Kf8 32.
Qxb3 Bg7 33. Rh7 a4 34. Qxa4 c4 35. Rhxg7 Rxg7 36. Rxg7 Kxg7 37. Qxc4 Qg5 38. Qc7+ Kh6 39. Qxd6+ Kh5 40. Qxe5 Qg1+ 41. Ka2 Qa7+ 42. Kb3 Qb8+ 43.
Qxb8 Kg5 44. Qg8+ Kh6 45. Qg6# 1-0

[Event "Late-Titled-Tuesday-Blitz-June-25-2024"]
[Site "Chess.com"]
[Date "2024.06.25"]
[Round "6"]
[White "WPWPWP-2015"]
[Black "EternalNight8"]
[Result "1-0"]
[WhiteElo "2547"]
[BlackElo "2389"]
[TimeControl "180+1"]
[EndTime "15:05:44 PDT"]
[Termination "WPWPWP-2015 won on time"]

1. e4 e5 2. Nf3 Nf6 3. Nxe5 d6 4. Nf3 Nxe4 5. d4 d5 6. Bd3 Bf5 7. O-O Nc6 8. c3 Be7 9. h3 O-O 10. Re1 Re8 11. Be3 a5 12. a4 h6 13. Na3 Nd6 14. Bf1 Bf6 15. Nd2 Qd7 16. Qf3 Bg6 17. Qxd5 Re6 18. Nb5 Rae8 19. Qf3 Ne4 20. Bc4 R6e7 21.
Nxe4 Bxe4 22. Qg3 Kh8 23. Bf4 Bd5 24. Rxe7 Nxe7 25. Bd3 c6 26. Nd6 Rf8 27. Ne4 Ng8 28. Re1 Be7 29. Be5 f6 30. Bf4 f5 31. Nd2 Nf6 32. Be5 Nh5 33. Qg6 Bf7 34. Qxf5 Qxf5 35.
Bxf5 Bd5 36. Be4 Bh4 37. Nf3 Bd8 38. Bxd5 cxd5 39. Bd6 Rg8 40. Re5 Nf6 41. Be7 Bxe7 42. Rxe7 Rb8 43. Ne5 Ne4 44. Rd7 Nf6 45. Rd6 Kg8 46.
Rb6 Ne8 47. Rb5 Nc7 48. Rxa5 1-0

[Event "Late-Titled-Tuesday-Blitz-June-25-2024"]
[Site "Chess.com"]
[Date "2024.06.25"]
[Round "6"]
[White "chessdoll90"]
[Black "Denmark2015"]
[Result "1/2-1/2"]
[WhiteElo "2511"]
[BlackElo "2614"]
[TimeControl "180+1"]
[EndTime "15:05:45 PDT"]
[Termination "Game drawn - insufficient material"]

1. c4 e6 2. g3 f5 3. Bg2 Nf6 4. d4 Be7 5. Nc3 d5 6. Nf3 Ne4 7. O-O Bf6 8. e3 Nc6 9. Qe2 h5 10. h4 g5 11. hxg5 Bxg5 12. cxd5 exd5 13. Nxg5 Qxg5 14.
Nxd5 h4 15. Qf3 Rh7 16. Qf4 Qxf4 17. exf4 Kf8 18. Be3 hxg3 19. fxg3 Nxg3 20. Rfe1 Rg7 21. Kf2 Ne4+ 22. Bxe4 fxe4 23. Rh1 Be6 24. Rh8+ Bg8 25. Rg1 Rd8 26. Nxc7 Rxg1 27. Kxg1 Kg7 28. Rh5 Nxd4 29. Rg5+ Kf8 30. Bxd4 Rxd4 31. Rg2 Rd1+ 32. Kh2 Rc1 33. Nb5 e3 34. Nc3 Re1 35. Kg3 a6 36. Kf3 b5 37.
Re2 Rf1+ 38. Kxe3 b4 39. Na4 Bxa2 40. Nc5 Bc4 41. Rd2 Bb5 42. Kd4 Rxf4+ 43. Ke5 Rf3 44. Ne6+ Ke7 45. Ng5 Re3+ 46. Kf4 Rb3 47. Ne4 a5 48. Nc5 Rh3 49. Rg2 Kf7 50. Ne4 Rh4+ 51. Ke5 Rxe4+ 52. Kxe4 Bc6+ 53. Kd4 Bxg2 54. Kc5 b3 55.
Kc4 Bc6 56. Kxb3 a4+ 57. Ka3 Be8 58. b3 axb3 59. Kxb3 1/2-1/2

[Event "Late-Titled-Tuesday-Blitz-June-25-2024"]
[Site "Chess.com"]
[Date "2024.06.25"]
[Round "6"]
[White "josiur"]
[Black "kubal123"]
[Result "1-0"]
[WhiteElo "2470"]
[BlackElo "2288"]
[TimeControl "180+1"]
[EndTime "15:05:45 PDT"]
[Termination "josiur won on time"]

1. e4 c5 2. c3 Nf6 3. e5 Nd5 4. Nf3 e6 5. Bc4 d6 6. O-O Nb6 7. Bb3 Nc6 8. exd6 Bxd6 9. d4 O-O 10. Bg5 Qc7 11. h3 cxd4 12. cxd4 Bf4 13. Bh4 Bd7 14. Nc3 Na5 15. Bc2 Nac4 16. Qd3 g6 17. Rab1 Rac8 18. Ne4 Bb5 19. Nf6+ Kh8 20. Qe4 Bh6 21. Bg3 Qe7 22. Ng4 Bg7 23. Ne3 Nxe3 24. fxe3 Bxf1 25. Rxf1 Nd5 26. Bb3 Nf6 27. Qh4 Kg8 28. Ng5 h6 29.
Ne4 g5 30. Nxf6+ Qxf6 31. Qe4 Qg6 32. Qxb7 Kh7 33. Qxa7 Qe4 34. Bf2 Qd3 35. Rd1 Qe4 36. Qa4 g4 37. hxg4 Qxg4 38. Bc2+ Kh8 39. Qb3 Rb8 40.
Qd3 Qf5 41. Qxf5 exf5 42. Bxf5 Rxb2 43. a4 Ra8 44. Bd7 Bf6 45. e4 Rc2 46. e5 Be7 47. d5 Rb8 48. d6 Bg5 49. Bb5 Rbc8 50. Bd4 Kg8 51. d7 Rd8 52. Bb6 1-0